 Dungeon Crawl Stone Soup version 0.20.0-10-g0535bb4 (webtiles) character file.

80787 Zwobot the Impaler (level 15, -1/112 HPs)
             Began as a Merfolk Ice Elementalist on June 5, 2017.
             Was the Champion of Hepliaklqana.
             Slain by Jorgrun
             ... wielding an uncursed staff of earth
              (19 damage)
             ... on level 2 of the Shoals.
             The game lasted 01:59:28 (27488 turns).

Zwobot the Impaler (Merfolk Ice Elementalist)      Turns: 27488, Time: 01:59:29

Health: -1/112     AC:  7    Str:  9    XL:     15   Next: 68%
Magic:  11/25      EV: 29    Int: 23    God:    Hepliaklqana [******]
Gold:   1621       SH: 10    Dex: 16    Spells: 3/28 levels left

rFire    . . .     SeeInvis .   a - +4 trident (pierce)
rCold    + . .     Gourm    .   d - +0 buckler
rNeg     . . .     Faith    .   q - +2 robe "Baut" {Int+4 Slay+3}
rPois    +         Spirit   .   A - +0 helmet
rElec    .         Reflect  +   x - +0 cloak
rCorr    .         Harm     .   F - +0 pair of gloves
MR       ++...                  (boots currently unavailable)
Stlth    ++++......             D - +4 amulet of reflection
Regen    0.3/turn               I - ring of protection from magic
MPRegen  0.2/turn               S - +3 ring of slaying

@: very quick
A: change form in water, swift swim, stealthy swim, reduced essence, cold
resistance 1, mutation resistance 1, poison resistance
a: Recall Ancestor, Ancestor Identity, Transference, Idealise, Renounce Religion


You were on level 2 of the Shoals.
You worshipped Hepliaklqana.
Hepliaklqana was exalted by your worship.
You were not hungry.

You visited 5 branches of the dungeon, and saw 26 of its levels.
You also visited: Labyrinth.

You collected 1621 gold pieces.

Inventory:

Hand Weapons
 a - a +4 trident of piercing (weapon)
 b - the +8 shortbow of Resumed Hostilities {flame, SInv}
   (You took it off a minotaur in a labyrinth)

   It causes projectiles fired from it to burn those they strike, causing extra
   injury to most foes and up to half again as much damage against particularly
   susceptible opponents.
   It lets you see invisible.
Missiles
 s - 13 javelins (quivered)
 G - 7 steel javelins
 X - 2 throwing nets
Armour
 d - a +0 buckler (worn)
 i - a +0 pair of boots (melded)
 q - the +2 robe "Baut" (worn) {Int+4 Slay+3}
   (You found it on level 4 of the Dungeon)

   It affects your intelligence (+4).
   It affects your accuracy and damage with ranged weapons and melee attacks
   (+3).
 x - a +0 cloak (worn)
 A - a +0 helmet (worn)
 F - a +0 pair of gloves (worn)
Jewellery
 C - an uncursed ring of wizardry
 D - a +4 amulet of reflection (around neck)
 I - a ring of protection from magic (left hand)
 S - a +3 ring of slaying (right hand)
 U - an uncursed ring of flight
Wands
 r - a wand of iceblast (7/15)
 t - a wand of confusion (4/48)
 J - a wand of paralysis (22/24)
 V - a wand of enslavement (1/24)
 Y - a wand of disintegration (6/24)
Scrolls
 e - 4 scrolls of amnesia
 g - 3 scrolls of fog
 h - 3 scrolls of fear
 j - 6 scrolls of enchant armour
 l - 6 scrolls of teleportation
 m - 8 scrolls of remove curse
 p - 2 scrolls of blinking
 v - 3 scrolls of vulnerability
 y - 2 scrolls of identify
 P - 4 scrolls of magic mapping
 Q - a scroll of enchant weapon
 R - a scroll of summoning
 T - a scroll of recharging
Potions
 k - 5 potions of brilliance
 u - a potion of resistance {unknown}
 w - 2 potions of heal wounds
 z - 2 potions of curing
 B - a potion of cancellation {unknown}
 H - 4 potions of ambrosia
 K - 5 potions of might
 L - 2 potions of haste
 M - 2 potions of flight
 N - 2 potions of mutation
 Z - a potion of invisibility {unknown}
Books
 f - a book of Beasts

   Spells                             Type                      Level
   a - Summon Butterflies             Summoning                    1
   b - Call Canine Familiar           Summoning                    3
   c - Summon Ice Beast               Ice/Summoning                4
   d - Summon Mana Viper              Hexes/Summoning              5
   e - Summon Hydra                   Summoning                    7
Comestibles
 c - 18 bread rations
 o - 14 meat rations
 E - 10 royal jellies
 W - 19 fruits


   Skills:
 + Level 13.7 Fighting
 - Level 16.8 Polearms
 + Level 14.6 Dodging
 - Level 4.3 Stealth
 - Level 6.0 Shields
 - Level 7.2 Spellcasting
 - Level 8.0 Conjurations
 - Level 5.4 Charms
 - Level 6.0 Summonings
 - Level 4.0 Necromancy
 - Level 1.1 Translocations
 - Level 7.1 Ice Magic


You had 3 spell levels left.
You knew the following spells:

 Your Spells              Type           Power        Failure   Level  Hunger
a - Throw Icicle          Conj/Ice       #####...     3%          4    ###....
b - Throw Frost           Conj/Ice       #####.       1%          2    None
c - Summon Ice Beast      Ice/Summ       #####...     4%          4    ###....
d - Blink                 Tloc           N/A          7%          2    None
e - Freeze                Ice            ####         1%          1    None
f - Ozocubu's Armour      Chrm/Ice       #####...     1%          3    None
g - Mephitic Cloud        Conj/Pois/Air  ###.....     8%          3    None
h - Conjure Flame         Conj/Fire      ####....     4%          3    None
i - Regeneration          Chrm/Necr      ####......   3%          3    None


Dungeon Overview and Level Annotations

Branches:
Dungeon (15/15)            Temple (1/1) D:4            Lair (6/6) D:11
 Shoals (2/4) Lair:2        Snake (0/4) Lair:2        Slime (0/5) Lair:5
    Orc (2/2) D:12            Elf (0/3) Orc:2        Vaults (0/5) D:13
 Depths: D:15

Altars:
Ashenzari
Cheibriados
Dithmenos
Elyvilon
Fedhas
Gozag
Hepliaklqana
Kikubaaqudgha
Makhleb
Nemelex Xobeh
Okawaru
Qazlal
Ru
Sif Muna
Trog
Uskayaw
Vehumet
Xom
Yredelemnul
Zin
The Shining One

Shops:
D:6 [   Orc:2 }(*[

Portals:
Ice
Cave: Shoals:2

Annotations:
D:9 exclusion: moth of wrath
D:15 Kirke
Shoals:2 Jorgrun


Innate Abilities, Weirdness & Mutations

You revert to your normal form in water.
You are very nimble and swift while swimming.
You are very stealthy in the water. (Stealth+)
Your life essence is reduced. (-10% HP)
Your flesh is cold resistant. (rC+)
You are somewhat resistant to further mutation.
Your system is resistant to poisons. (rPois)


Message History

You miss Jorgrun.
Jorgrun is moderately wounded.
Your ice beast barely misses Jorgrun. x3; Jorgrun misses you.
You miss Jorgrun. You tail-slap Jorgrun.
Jorgrun is moderately wounded.
Your ice beast hits Jorgrun.
Your ice beast freezes Jorgrun!
A merfolk comes into view. It is wielding an enchanted trident.
Your ice beast completely misses Jorgrun.
Your ice beast barely misses Jorgrun.
You block Jorgrun's attack.
You hit Jorgrun but do no damage.
Jorgrun is heavily wounded.
Your ice beast hits Jorgrun but does no damage.
Your ice beast hits Jorgrun.
Your ice beast freezes Jorgrun!
Your ice beast closely misses Jorgrun.
You puncture Jorgrun!
Jorgrun is severely wounded.
You block the water elemental's attack. Jorgrun hits you with a staff of earth!
* * * LOW HITPOINT WARNING * * *
Jorgrun crushes you!
You die...

,,,≈≈≈≈≈≈≈≈,≈≈≈,,,,,*,*,,>,,,,,,,
<,,≈≈≈≈≈≈≈≈m≈≈≈.≈≈.*,#.*,,,,,,,,,
*,,≈≈≈≈≈≈≈≈≈≈≈≈≈≈≈#.#.*.*,,,,,,,,
*,≈,,,≈≈,≈≈≈...≈≈≈≈#≈∩.#,,,,,,,,,
*,,,,,,≈≈≈≈.....≈≈#≈#≈#,*,,,,,,,,
*,,***.≈≈≈≈.....≈≈≈#≈#.*,,,,,,,,,
,,** *.≈≈≈.,#..(≈≈≈≈#≈#.,,,,,,,,,
≈,,***.≈≈≈.##...≈≈≈≈≈≈..,,,,,,,,,
≈≈,,*,.≈≈....≈.Y@≈≈≈≈≈..,,,,,,,,,
≈,,***.≈≈≈≈≈≈≈≈Eg≈≈≈≈≈..,,,,,,,,,
,,,* *..≈≈≈≈.≈≈YY≈≈≈≈≈..,,,,,,,,,
,,,**#.≈≈≈≈≈....≈?≈≈≈≈≈.,,,,,,,,,
,,,,..≈≈≈≈.!.....≈≈≈≈≈≈≈,,,,,,,,,
*,...≈≈≈≈≈..#....≈≈≈≈≈≈≈,,,,,,,,,
,,≈≈≈≈≈≈≈≈..#...≈≈≈≈≈≈≈≈≈≈,,,,,,,
,,≈≈≈≈≈≈≈≈≈.###.≈≈≈≈≈≈≈m≈≈≈,,,,,,
,,.≈≈≈≈≈≈≈≈..#...≈≈≈≈≈≈≈≈≈,,,,,,,


You could see Jorgrun, a merfolk (sleeping), a water elemental, a water nymph
(sleeping) and 3 friendly ice beasts.

Vanquished Creatures
  A kraken (Shoals:1)
  A spark wasp (shapeshifter) (D:13)
  A minotaur (Lab)
  A vault guard (D:13)
  2 ice dragons
  A rakshasa (D:13)
  3 hydras
  2 centaur warriors
  A merfolk avatar (Shoals:1)
  An anaconda (Lair:6)
  5 ogre magi
  12 two-headed ogres
  An orc high priest (Orc:2)
  A sea snake (Shoals:1)
  5 harpies (Shoals:1)
  A deep elf mage (D:13)
  2 cyclopes
  An ugly thing (D:13)
  2 manticores (Shoals:1)
  A merfolk siren (Shoals:1)
  6 elephants (Lair:4)
  A black mamba (Lair:6)
  3 torpor snails
  3 gargoyles
  6 spiny frogs
  5 komodo dragons
  3 rime drakes
  An efreet (D:13)
  A troll (D:12)
  2 meliai (D:13)
  2 polar bears
  A merfolk (Shoals:1)
  A wind drake (Shoals:1)
  25 blink frogs
  3 slime creatures (D:12)
  4 hippogriffs
  A tarantella (shapeshifter) (D:13)
  3 wyverns
  A wraith (D:14)
  A water elemental (D:13)
  A hog (D:7)
  20 yaks
  6 basilisks
  A human (D:7)
  A vampire mosquito (D:13)
  A soldier ant (D:13)
  7 water moccasins
  4 porcupines
  4 orc warriors
  An eye of draining (D:12)
  A sky beast (D:8)
  3 black bears
  A hornet zombie (D:13)
  5 ice beasts
  22 ogres
  4 centaurs
  8 wolves
  10 crocodiles
  A big kobold (D:12)
  13 bullfrogs
  2 scorpions
  2 knights
  24 killer bees
  4 wights
  3 howler monkeys
  4 electric eels
  A bullfrog zombie (D:5)
  A quasit (D:13)
  4 crimson imps
  6 hounds
  3 orc priests
  A bullfrog skeleton (D:10)
  11 orc wizards
  An iguana (D:13)
  4 worker ants
  A worker ant zombie (D:8)
  A howler monkey skeleton (D:7)
  6 adders
  3 shadow imps
  A white imp (Lair:2)
  An ooze (D:2)
  3 dart slugs
  4 leopard geckos
  41 orcs
  5 giant cockroaches
  2 hobgoblins
  7 jackals
  17 kobolds
  7 quokkas
  8 bats
  5 frilled lizards
  5 goblins
  A quokka skeleton (D:9)
  8 rats
  A fungus (Lair:2)
  3 plants (Lair:6)
  2 tentacles (Shoals:1)
435 creatures vanquished.

Vanquished Creatures (collateral kills)
  Nikola (Shoals:1)
  Louise (Shoals:1)
  A dire elephant (Lair:6)
  4 two-headed ogres
  An unseen horror (D:11)
  2 sea snakes (Shoals:1)
  3 harpies (Shoals:1)
  3 ugly things (D:11)
  An oklob plant (D:11)
  A cyclops (Orc:2)
  A manticore (Shoals:1)
  2 slime creatures (D:12)
  2 black mambas (Lair:6)
  An ice statue (Lair:2)
  A centaur skeleton (D:12)
  A torpor snail (Lair:1)
  5 spiny frogs
  A freezing wraith (D:13)
  A komodo dragon (Lair:6)
  A meliai (D:13)
  A queen bee (Lair:2)
  2 trolls
  A merfolk (Shoals:1)
  A hornet (D:11)
  9 hippogriffs
  5 dream sheep (Lair:6)
  17 blink frogs
  A vampire (D:12)
  2 wyverns
  17 yaks
  5 hogs
  2 vampire mosquitoes
  2 hungry ghosts (D:8)
  A basilisk (Lair:2)
  4 water moccasins
  A porcupine (Lair:1)
  3 ice beasts
  2 orc warriors
  2 sky beasts
  2 slaves (D:6)
  A black bear (D:14)
  A hornet zombie (D:8)
  A necrophage (D:10)
  4 ogres
  11 wolves
  8 centaurs
  3 crocodiles
  A big kobold (D:6)
  8 bullfrogs
  A wyvern zombie (D:10)
  A scorpion (D:7)
  A wyvern skeleton (D:13)
  4 killer bees
  A howler monkey (D:12)
  4 wights
  A crimson imp (D:10)
  A bullfrog zombie (D:7)
  A centaur zombie (D:7)
  A quasit (D:10)
  2 hounds
  An iron imp (D:8)
  3 orc priests
  4 jellies
  4 orc wizards
  An iguana (D:11)
  5 worker ants
  A hound skeleton (D:7)
  A howler monkey zombie (D:11)
  A howler monkey skeleton (D:8)
  3 adders
  2 shadow imps
  An adder zombie (D:6)
  An adder skeleton (D:4)
  A leopard gecko (D:10)
  23 orcs
  2 jackals (D:8)
  2 kobolds
  A quokka (D:11)
  A leopard gecko skeleton (D:5)
  2 fungi (Lair:6)
  2 plants
  A tentacle (Shoals:1)
233 creatures vanquished.

Vanquished Creatures (others)
  Pikel (D:6)
  2 killer bees (D:11)
  17 knights
  21 fungi
  20 plants
  13 tentacles (Shoals:1)
74 creatures vanquished.

Grand Total: 742 creatures vanquished

Notes
Turn   | Place    | Note
-------+----------+-------------------------------------------
     0 | D:1      | Zwobot the Merfolk Ice Elementalist began the quest for the Orb.
     0 | D:1      | Reached XP level 1. HP: 13/13 MP: 3/3
   348 | D:1      | Reached XP level 2. HP: 17/19 MP: 3/5
   438 | D:1      | Learned a level 2 spell: Throw Frost
   815 | D:1      | Reached skill level 1 in Conjurations
  1162 | D:1      | Reached XP level 3. HP: 24/24 MP: 3/6
  1960 | D:2      | Found a white marble altar of Elyvilon.
  2020 | D:2      | Reached XP level 4. HP: 30/30 MP: 5/7
  2060 | D:3      | Gained mutation: Your flesh is cold resistant. (rC+) [potion of mutation]
  2060 | D:3      | Gained mutation: You are somewhat resistant to further mutation. [potion of mutation]
  2104 | D:3      | Learned a level 4 spell: Summon Ice Beast
  2116 | D:3      | Found a shattered altar of Ashenzari.
  2600 | D:3      | Reached skill level 1 in Summonings
  3087 | D:4      | Found a staircase to the Ecumenical Temple.
  3125 | Temple   | Entered the Ecumenical Temple
  3246 | Temple   | Became a worshipper of Hepliaklqana the Forgotten
  3275 | D:4      | Reached XP level 5. HP: 19/32 MP: 2/8
  3436 | D:4      | Got an opalescent robe
  3447 | D:4      | Identified the +2 robe "Baut" {Int+4 Slay+3} (You found it on level 4 of the Dungeon)
  3620 | D:4      | Reached skill level 1 in Fighting
  3883 | D:4      | Found an opulent altar of Gozag.
  3963 | D:4      | Noticed an ogre
  3970 | D:4      | Killed an ogre
  3970 | D:4      | Reached XP level 6. HP: 39/39 MP: 0/9
  4077 | D:4      | Reached * piety under Hepliaklqana
  4368 | D:5      | Entered Level 5 of the Dungeon
  4563 | D:5      | Found a burning altar of Makhleb.
  4722 | D:5      | Found a shattered altar of Ashenzari.
  4818 | D:5      | Found a sacrificial altar of Ru.
  4945 | D:5      | Found a hide-covered altar of Uskayaw.
  5089 | D:6      | Found a sacrificial altar of Ru.
  5176 | D:6      | Reached XP level 7. HP: 45/45 MP: 10/10
  5239 | D:6      | Found Sodalo's Antique Armour Boutique.
  5259 | D:6      | Reached skill level 5 in Ice Magic
  5301 | D:6      | Noticed Pikel
  5319 | D:6      | Killed Pikel
  5319 | D:6      | Reached skill level 5 in Summonings
  5322 | D:6      | Reached XP level 8. HP: 29/50 MP: 1/11
  5414 | D:6      | Reached ** piety under Hepliaklqana
  5415 | D:6      | Remembered your ancestor Wigmund as a knight
  5872 | D:7      | Noticed a hippogriff
  5895 | D:7      | Killed a hippogriff
  6107 | D:7      | You fall through a shaft!
  6362 | D:7      | Noticed a yak
  6586 | D:7      | Killed a yak
  6632 | D:7      | Reached skill level 5 in Dodging
  6632 | D:7      | Reached XP level 9. HP: 47/58 MP: 9/12
  6834 | D:7      | Found a basalt altar of Yredelemnul.
  6849 | D:7      | Noticed a profane servitor
  7050 | D:7      | Found a glowing golden altar of the Shining One.
  7230 | D:7      | Noticed an angel
  7303 | D:8      | Learned a level 2 spell: Blink
  7308 | D:8      | Learned a level 4 spell: Throw Icicle
  7345 | D:8      | Found a stormy altar of Qazlal.
  7364 | D:8      | Reached skill level 5 in Fighting
  7719 | D:8      | Reached *** piety under Hepliaklqana
  7803 | D:8      | Found a deep blue altar of Sif Muna.
  7948 | D:8      | Found a snail-covered altar of Cheibriados.
  8298 | D:8      | Reached XP level 10. HP: 45/68 MP: 16/16
  8347 | D:8      | Learned a level 3 spell: Ozocubu's Armour
  8495 | D:9      | Reached skill level 5 in Conjurations
  8855 | D:9      | Noticed a moth of wrath
  8858 | D:9      | Found a bloodstained altar of Trog.
  8918 | D:9      | Reached **** piety under Hepliaklqana
  8989 | D:9      | Found an ancient bone altar of Kikubaaqudgha.
  9220 | D:10     | Entered Level 10 of the Dungeon
  9233 | D:10     | Reached skill level 5 in Spellcasting
  9461 | D:10     | Found a bloodstained altar of Trog.
 10502 | D:11     | Reached skill level 1 in Polearms
 10509 | D:11     | Reached skill level 2 in Polearms
 10538 | D:11     | Reached skill level 3 in Polearms
 10624 | D:11     | Reached skill level 4 in Polearms
 10624 | D:11     | Reached XP level 11. HP: 75/75 MP: 15/19
 10660 | D:11     | Noticed an oklob plant
 10748 | D:11     | Reached skill level 5 in Polearms
 10775 | D:11     | Noticed a cyan ugly thing
 10778 | D:11     | Noticed a cyclops
 10783 | D:11     | Noticed a purple ugly thing
 10784 | D:11     | Killed a cyan ugly thing
 10784 | D:11     | Reached skill level 6 in Polearms
 10796 | D:11     | Killed a brown ugly thing
 10796 | D:11     | Reached skill level 7 in Polearms
 10807 | D:11     | Killed a cyclops
 10920 | D:11     | Noticed a red ugly thing
 11176 | D:11     | Killed a red ugly thing
 11176 | D:11     | Reached skill level 8 in Polearms
 11277 | D:11     | Found a staircase to the Lair.
 11450 | D:11     | Killed an unseen horror
 11450 | D:11     | Reached skill level 9 in Polearms
 11760 | D:12     | Reached skill level 10 in Polearms
 11771 | D:12     | Found a blossoming altar of Fedhas.
 11842 | D:12     | Found a labyrinth entrance.
 11847 | Lab      | Entered a labyrinth
 11863 | Lab      | Learned a level 3 spell: Mephitic Cloud
 12245 | Lab      | Reached ***** piety under Hepliaklqana
 12556 | Lab      | Noticed a minotaur
 12569 | Lab      | Killed a minotaur
 12569 | Lab      | Reached skill level 11 in Polearms
 12820 | Lab      | Identified Simamewk's Catalogue of Stones
 12832 | Lab      | Got an uncursed encrusted shortbow {flame}
 12833 | Lab      | Identified the +8 shortbow of Resumed Hostilities {flame, SInv} (You took it off a minotaur in a labyrinth)
 13063 | D:12     | Noticed a five-headed hydra
 13076 | D:12     | Killed a five-headed hydra
 13076 | D:12     | Reached skill level 1 in Translocations
 13481 | D:12     | Found a staircase to the Orcish Mines.
 13693 | D:12     | Learned a level 3 spell: Conjure Flame
 14084 | D:13     | Noticed a deep elf mage
 14092 | D:13     | Killed a deep elf mage
 14092 | D:13     | Reached XP level 12. HP: 62/84 MP: 11/22
 14184 | D:13     | Noticed a two-headed ogre
 14193 | D:13     | Killed a two-headed ogre
 14401 | D:11     | Noticed a two-headed ogre
 14407 | D:11     | Killed a two-headed ogre
 14523 | Lair:1   | Entered Level 1 of the Lair of Beasts
 14812 | Lair:1   | Learned a level 3 spell: Regeneration
 15330 | Lair:1   | Found a snail-covered altar of Cheibriados.
 15345 | Lair:1   | Reached skill level 1 in Charms
 15345 | Lair:1   | Reached skill level 1 in Necromancy
 15559 | Lair:2   | Noticed an ice dragon
 15940 | Lair:2   | Found a staircase to the Snake Pit.
 16183 | Lair:2   | Found a staircase to the Shoals.
 16657 | Lair:2   | Reached skill level 5 in Charms
 16701 | Lair:2   | Killed an ice dragon
 16959 | Lair:2   | Reached XP level 13. HP: 49/90 MP: 2/23
 17580 | Lair:3   | Got an ichor-stained long sword
 17741 | Lair:3   | Reached skill level 10 in Dodging
 17773 | Lair:3   | Reached skill level 1 in Shields
 17903 | Lair:3   | Got a scorched ring mail
 17914 | Lair:3   | Identified the cursed +0 ring mail of Curiosity {rPois rC- Dex+3} (You found it on level 3 of the Lair of Beasts)
 18143 | Lair:3   | Reached skill level 10 in Fighting
 18710 | Lair:4   | Reached skill level 5 in Shields
 18788 | Lair:4   | Identified the +8 long sword "Papsiuta" {drain, rC- MR+ Int+3 Dex+4} (You found it on level 3 of the Lair of Beasts)
 19298 | Lair:5   | Found a shattered altar of Ashenzari.
 19581 | Lair:5   | Reached ****** piety under Hepliaklqana
 19794 | Lair:5   | Found a staircase to the Slime Pits.
 19922 | Lair:6   | Entered Level 6 of the Lair of Beasts
 20021 | Lair:6   | Reached skill level 12 in Polearms
 20347 | Lair:6   | Reached XP level 14. HP: 101/101 MP: 13/24
 20396 | Lair:6   | Reached skill level 13 in Polearms
 21171 | Lair:6   | Noticed a dire elephant
 21183 | Lair:6   | Noticed a dire elephant
 21183 | Lair:6   | Noticed a dire elephant
 21219 | Lair:6   | Noticed a dire elephant
 21223 | Lair:6   | Noticed a dire elephant
 21739 | Lair:6   | Killed a dire elephant
 22118 | Lair:2   | Reached skill level 14 in Polearms
 22184 | Orc:1    | Entered Level 1 of the Orcish Mines
 22325 | Orc:2    | Entered Level 2 of the Orcish Mines
 22366 | Orc:2    | Found Nos Puha's Armour Shop.
 22379 | Orc:2    | Found a staircase to the Elven Halls.
 22407 | Orc:2    | Found Bad Foqi's Gadget Boutique.
 22407 | Orc:2    | Found Zoips's Assorted Antiques.
 22407 | Orc:2    | Found Tasi's Weapon Emporium.
 22407 | Orc:2    | Found Xiefamae's Magic Scroll Shop.
 22415 | Orc:2    | Reached skill level 15 in Polearms
 22625 | Orc:1    | Noticed an orc warlord
 23422 | D:13     | Reached skill level 16 in Polearms
 23497 | D:13     | Reached XP level 15. HP: 25/109 MP: 2/25
 24173 | D:13     | Found a gate to the Vaults.
 24461 | D:13     | Gained mutation: Your system is resistant to poisons. (rPois) [mutagenic meat]
 25670 | D:15     | Entered Level 15 of the Dungeon
 25701 | D:15     | Noticed Kirke
 26111 | Shoals:1 | Entered Level 1 of the Shoals
 26125 | Shoals:1 | Noticed Louise
 26205 | Shoals:1 | Killed Louise
 26287 | Shoals:1 | Noticed Nikola
 26297 | Shoals:1 | Killed Nikola
 26516 | Shoals:1 | Noticed a kraken
 26541 | Shoals:1 | Killed a kraken
 27424 | Shoals:2 | Noticed Jorgrun
 27477 | Shoals:2 | Found a frozen archway.
 27488 | Shoals:2 | Slain by Jorgrun

Skill      XL: |  1  2  3  4  5  6  7  8  9 10 11 12 13 14 15 |
---------------+----------------------------------------------+-----
Ice Magic      | 4 5 7 |  7.1
Dodging        | 3 5 7 8 9 10 12 14 | 14.6
Conjurations   | 1 2 3 4 6 7 8 |  8.0
Summonings     | 1 2 3 5 6 |  6.0
Fighting       | 1 2 4 6 7 8 9 11 12 13 | 13.7
Spellcasting   | 4 5 6 7 |  7.2
Polearms       | 4 11 12 16 | 16.8
Translocations | 1 |  1.1
Stealth        | 4 |  4.3
Charms         | 5 |  5.4
Necromancy     | 4 |  4.0
Shields        | 6 |  6.0

Action                   |  1- 3 |  4- 6 |  7- 9 | 10-12 | 13-15 || total
-------------------------+-------+-------+-------+-------+-------++-------
Melee: Tailslap          |     1 |       |       |     2 |     6 ||     9
       Unarmed           |     1 |       |       |       |       ||     1
       Dagger            |    28 |   116 |   171 |       |       ||   315
       Trident           |       |       |    14 |   523 |   682 ||  1219
 Fire: Shortbow          |       |       |       |     2 |       ||     2
Throw: Javelin           |     2 |     2 |     2 |     4 |     8 ||    18
 Cast: Freeze            |    45 |    21 |    21 |       |       ||    87
       Throw Frost       |       |     5 |     9 |    16 |     6 ||    36
       Summon Ice Beast  |       |       |    20 |   109 |    96 ||   225
       Ozocubu's Armour  |       |       |       |    12 |     2 ||    14
       Throw Icicle      |       |       |       |    14 |    73 ||    87
       Mephitic Cloud    |       |       |       |     5 |       ||     5
       Regeneration      |       |       |       |     8 |    16 ||    24
       Conjure Flame     |       |       |       |     7 |     4 ||    11
       Blink             |       |       |       |     2 |    12 ||    14
Invok: Recall Ancestor   |       |       |     1 |     3 |     4 ||     8
       Ancestor Life: Kn |       |       |     1 |       |       ||     1
       Transference      |       |       |       |     1 |     1 ||     2
Evoke: Wand              |       |       |       |    11 |    10 ||    21
  Use: Scroll            |       |     7 |     3 |    24 |    12 ||    46
       Potion            |       |     1 |     1 |     8 |     3 ||    13
 Stab: Sleeping          |     8 |     4 |     4 |     7 |    13 ||    36
       Distracted        |       |     1 |       |    10 |    12 ||    23
       Confused          |       |       |       |       |     1 ||     1
  Eat: Chunk             |     4 |     6 |    13 |    23 |    38 ||    84
       Fruit             |       |     1 |     4 |     6 |     2 ||    13
       Royal jelly       |       |     2 |       |     8 |     5 ||    15
Armor: Robe              |     9 |    27 |    66 |    93 |    53 ||   248
       Leather armour    |     3 |    17 |       |       |       ||    20
       Skin              |       |       |       |    10 |       ||    10
Dodge: Dodged            |    33 |    85 |   166 |   282 |   311 ||   877
Block: Other             |       |       |       |    29 |     2 ||    31
       Reflection        |       |       |       |     1 |     5 ||     6
       Buckler           |       |       |       |       |   166 ||   166
